 Dungeon Crawl Stone Soup version 0.24.1 (webtiles) character file.

Game seed: 12895892805127898045, levelgen mode: deterministic

7 Descartes the Grasshopper (level 1, 0/9 HPs)
             Began as a Felid Warper on Mar 24, 2020.
             Slain by a kobold
             ... wielding a +0 whip
              (3 damage)
             ... on level 1 of the Dungeon.
             The game lasted 00:01:34 (446 turns).

Descartes the Grasshopper (Felid Warper)             Turns: 446, Time: 00:01:34

Health: 0/9        AC:  1    Str:  7    XL:     1   Next: 91%
Magic:  4/4        EV: 18    Int: 14    God:
Gold:   8          SH:  0    Dex: 15    Spells: 4/4 levels left
                                        Lives:  0   Deaths: 0

rFire    . . .     SeeInvis +     - Unarmed
rCold    . . .     Gourm    .   (shield unavailable)
rNeg     . . .     Faith    .   (armour unavailable)
rPois    .         Spirit   .   (helmet unavailable)
rElec    .         Reflect  .   (cloak unavailable)
rCorr    .         Harm     .   (gloves unavailable)
MR       .....                  (boots unavailable)
Stlth    ++........             (no amulet)
HPRegen  0.03/turn              (no ring)
MPRegen  0.09/turn              (no ring)

@: quick
A: very small, no armour, no weapons or thrown items, stealth, claws 1, fangs 3,
see invisible, carnivore, speed 1, shaggy fur 1, slow metabolism 1, sharp paws
a: no special abilities


You were on level 1 of the Dungeon.
You were completely stuffed.

You visited 1 branch of the dungeon, and saw 1 of its levels.

You collected 8 gold pieces.

Inventory:

Missiles
 a - 12 stones
Scrolls
 b - a scroll of blinking
Potions
 d - a potion of flight {unknown}
 e - a potion of curing {unknown}
Comestibles
 c - a ration


   Skills:
 + Level 2.1 Fighting
 + Level 3.3 Dodging
 * Level 1.2 Stealth
 * Level 2.2 Unarmed Combat
 - Level 2.0 Spellcasting
   Level 4.4 Translocations


You had 4 spell levels left.
You didn't know any spells.
Your spell library contained the following spells:

 Spells                   Type           Power        Failure   Level  Hunger
 Blink                    Tloc           N/A          6%          2    ###....
 Gell's Gravitas          Tloc           ##........   12%         3    ####...
 Lesser Beckoning         Tloc           ##........   12%         3    ####...
 Teleport Other           Tloc           ##......     12%         3    ####...
 Shroud of Golubria       Chrm/Tloc      #.....       14%         2    ###....
 Passage of Golubria      Tloc           N/A          36%         4    #####..


Dungeon Overview and Level Annotations

Branches:
Dungeon (1/15)

Altars:


Innate Abilities, Weirdness & Mutations

You cannot wear armour.
You are incapable of wielding weapons or throwing items.
Your paws allow you to move quietly. (Stealth)
You have sharp claws.
You have razor-sharp teeth.
You have supernaturally acute eyesight. (SInv)
You are carnivorous and can eat meat at any time.
You cover ground quickly.
You are covered in fur. (AC +1)
You have a slow metabolism.
Your sharp claws are effective at attacking unaware monsters.


Message History

You butcher the ball python corpse.
Things that are here:
a chunk of flesh; a ball python skeleton You barely miss the kobold.
The kobold barely misses you.
You closely miss the kobold. The kobold misses you.
A kobold comes into view. It is wielding a +0 whip.
You closely miss the kobold.
The kobold shouts!
The kobold closely misses you.
You closely miss the kobold.
The kobold hits you with a +0 short sword.
The kobold shouts!
You scratch the kobold.
The kobold is heavily wounded.
The kobold hits you with a +0 short sword.
Ouch! That really hurt!
You scratch the kobold.
You kill the kobold!
The kobold hits you with a +0 whip.
You die...

########## #..
.......... #.#
.......... #..
##...#### #.#
##...### #)..#.#
#......# #...#K#
#......# #...#K#
.......#####...#@#
...............#.#
#......#####...#%#
#####..# #...#.#
#..# #...#.#
#####..#####...#.#
...............#.#
...............#.#
################.#


You could see 2 kobolds.

Vanquished Creatures
  A goblin (D:1)
  2 hobgoblins (D:1)
  A kobold (D:1)
  A ball python (D:1)
  A frilled lizard (D:1)
  A rat (D:1)
7 creatures vanquished.

Notes
Turn   | Place    | Note
-------+----------+-------------------------------------------
     0 | D:1      | Descartes the Felid Warper began the quest for the Orb.
     0 | D:1      | Reached XP level 1. HP: 9/9 MP: 4/4
   222 | D:1      | Reached skill level 1 in Stealth
   446 | D:1      | Slain by a kobold

Levels and vault maps discovered:
D:1:      dpeg_arrival_boxes_within_box, layout_basic

Skill      XL: |  1 |
---------------+----+-----
Stealth        | 1 |  1.2
Fighting       | |  2.1
Dodging        | |  3.3
Unarmed Combat | |  2.2
Spellcasting   | |  2.0
Translocations | |  4.4

Action                   || total
-------------------------++-------
Melee: Unarmed           ||    22
       Punch             ||     1
  Eat: Chunk             ||     6
Dodge: Dodged            ||    16
